woodfighter, chaotic female human Barbarian --.------------------------------ -------- |...............................| |.<....| ..------------.....------------.| ##.......| --------- # ` #|.|???|...|%%|.....-..|.((|...|.| # -----|-- |.......[* # # # |.|!=[|...|%!|.....|..|((.|...|.| # # |.....>.|####### |.|))[|...|..|.(...|..|/..|)..|.| # # |.......| # |.|..[|.).||--.....-----|--|---.| # # --------- ### |.-|----|--.....................| # # |..(..........{.....*{..........| #[######## ## ##%|.-|----|--....--+---...........| -----# -.--|- #..|...|...|---.|..[.|.------|--.| ##....|% |....| |.|(..|...|.)-.|.%..|.-..|....|.| # |...|# |....| |.|(..|...|..|.|%@_N|.|..|....|..###### |..^|# |....| |.|((.|...|..|.|[h@.|.|..|...(|.| |...|# ------ |.------------.------.---------.| |....# |....................*..........| |...| --------------------------------- ----- woodfighter the Bandit Experience level: 9 Strength: 18 Dexterity: 17 Constitution: 19 Intelligence: 7 Wisdom: 6 Charisma: 8 Health: 112(112) Energy: 21(21) Def: 11 Gold: 221 Moves: 6775 Dungeon seed: xLXKxoGAKXjAD7fs Game ID: woodfighter_1444765546 Your Inventory: Coins $ - 221 gold pieces Weapons a - a rusty +0 battle-axe (weapon in hands) m - 10 +0 daggers (in quiver) Armor e - a cursed +0 dwarvish cloak h - an uncursed +0 dwarvish mithril-coat (being worn) n - an uncursed +1 dwarvish cloak (being worn) q - an uncursed +0 dwarvish cloak w - an uncursed +0 dwarvish iron helm (being worn) A - an uncursed +0 pair of iron shoes (being worn) Comestibles c - 4 uncursed food rations g - an uncursed sprig of wolfsbane k - 4 uncursed tripe rations r - an uncursed cave spider corpse t - an uncursed fortune cookie B - an uncursed cram ration Rings X - an uncursed ring of searching Wands o - a wand of striking (0:4) u - a wand of create monster (0:8) C - a wand of create monster (0:0) U - a wand of sleep (0:7) Tools l - a +0 pick-axe K - an uncursed magic whistle S - an uncursed skeleton key V - an uncursed towel Gems E - an uncursed luckstone Spells and supernatural/magical abilities: Name Level Category Fail Memory W - pray for help -- divine ? -- Your skills at the end: Miscellaneous Skills bare handed combat [Basic] Weapon Skills axe [Expert] short sword [Basic] Spellcasting Skills Final Attributes: You were piously aligned. You were poison resistant. You were telepathic. You were fast. You were very lucky. You had extra luck. Bad luck did not time out for you. Good luck did not time out for you. You are dead. Vanquished creatures: 2 giant mimics a large mimic a hill giant 3 small mimics a xan a sasquatch 2 tigers a gargoyle a tengu a gelatinous cube a leocrotta a wraith a succubus an incubus a cockatrice 2 leprechauns a giant spider an ice vortex a vampire bat 4 gnome kings a dingo a jaguar 2 dwarf lords a snake a human zombie a rope golem 4 soldier ants 8 Mordor orcs 3 Uruk-hai 12 orc shamans a rock mole 2 rock piercers 3 fog clouds a yellow light 2 shriekers a violet fungus 11 gnome lords 2 kobold mummies 2 gray oozes 3 giant ants a little dog a floating eye 3 kittens 17 dwarves a kobold lord 3 iguanas 22 hill orcs a rothe a rabid rat 2 centipedes 2 giant bats 2 orc zombies 3 dwarf zombies 11 killer bees 4 coyotes a gas spore 8 hobbits a large kobold 4 geckos 3 hobgoblins 6 cave spiders 51 gnomes 2 gnome zombies 6 jackals a fox 2 kobolds 8 newts 4 goblins 2 sewer rats 3 grid bugs 2 bats a lichen a kobold zombie 270 creatures vanquished. Voluntary challenges: You did not adorn yourself with jewelry or accessories. You had been an atheist until turn 3251. You used a wielded weapon 407 times, starting on turn 4. You did not apply a unicorn horn. You read items or engraved 4 times, starting on turn 5096. You never genocided any monsters. You never polymorphed an object. You never changed form. You used no wishes. You never split a pudding. You wrote Elbereth's name 1 time, starting on turn 6641. You never violated your personal moral code. Dungeon overview: The Dungeons of Doom: levels 1 to 4 Level 1 some fountains a long staircase Level 2 a general store, a sink Level 3 a general store stairs to The Gnomish Mines Level 4 The Gnomish Mines: levels 4 to 11 Level 4 (monkey and leprechaun) stairs to The Dungeons of Doom Level 5 Level 6 Level 7 <- You were here many shops, a temple to Set, a magic chest, some fountains Level 8 Level 9 Level 10 Level 11 many altars to Moloch, some fountains History has recorded: On T:1 you entered the Dungeons of Doom to retrieve the Amulet of Yendor! On T:140 you reached level 2 of The Dungeons of Doom. On T:470 you reached level 3 of The Dungeons of Doom. On T:603 you advanced to experience level 2. On T:913 you reached level 4 of The Dungeons of Doom. On T:997 you advanced to experience level 3. On T:1044 you reached level 1 of The Gnomish Mines. On T:1369 you advanced to experience level 4. On T:1522 you advanced to experience level 5. On T:1604 you reached level 2 of The Gnomish Mines. On T:2331 you advanced to experience level 6. On T:2703 you reached level 3 of The Gnomish Mines. On T:3211 you reached level 4 of The Gnomish Mines. On T:3235 you advanced to experience level 7. On T:3239 you entered the Minetown temple On T:3672 you advanced to experience level 8. On T:3714 you opened a magic chest. On T:3714 you opened a magic chest. On T:3823 you reached level 5 of The Gnomish Mines. On T:4346 you reached level 6 of The Gnomish Mines. On T:4666 you reached level 7 of The Gnomish Mines. On T:5095 you opened a magic chest. On T:5332 you reached level 8 of The Gnomish Mines. On T:5332 you reached the bottom of the Mines. On T:5468 you advanced to experience level 9. On T:6552 you opened a magic chest. On T:6637 you opened a magic chest. On T:6638 you opened a magic chest. Score breakdown: Gold: 221 ( 22 points) Experience: 9 levels ( 800 points) Exploration: 11 levels ( 300 points) Discoveries: 12 items ( 600 points) Variety of kills: 73 monsters ( 2000 points) Major goal: reached Mine's End ( 1000 points) Survival: died (score multiplied by 3) Total score: 14166 Latest messages: You put an uncursed mummy wrapping into the magic chest. You put an uncursed lamp (0:0) into the magic chest. You put 4 uncursed tallow candles into the magic chest. You put an uncursed blindfold into the magic chest. You put 3 uncursed wax candles into the magic chest. You put an uncursed stone called luckstone into the magic chest. You put 2 uncursed white gems into the magic chest. You put an uncursed violet gem into the magic chest. You put an uncursed blue gem into the magic chest. You put 2 uncursed green gems into the magic chest. You put an uncursed yellowish brown gem into the magic chest. You put 3 uncursed green gems into the magic chest. You put 2 uncursed orange gems into the magic chest. You put an uncursed yellowish brown gem into the magic chest. You put an uncursed white gem into the magic chest. You put an uncursed violet gem into the magic chest. Your movements are now unencumbered. You sold an uncursed +0 pair of iron shoes for 8 gold pieces. You put an uncursed black gem into the magic chest. You put an uncursed orange gem into the magic chest. You put an uncursed red gem into the magic chest. You put an uncursed white gem into the magic chest. (2x) You put an uncursed yellow gem into the magic chest. Your movements are now unencumbered. You drop a cursed pair of iron shoes. Touching the cockatrice corpse is a fatal mistake... You turn to stone... Final status: Goodbye woodfighter the Barbarian, petrified by picking up a cockatrice corpse... You turned to stone in The Gnomish Mines on dungeon level 7 with 14166 points, and 221 pieces of gold, after 6775 moves. You were level 9 with a maximum of 112 hit points when you turned to stone.